 Dungeon Crawl Stone Soup version 0.29-a0-319-gad05b8d819 (webtiles) character file.

Game seed: 15297398721740886650

294 kae the Firebug (level 6, -9/35 HPs)
             Began as a Tengu Fire Elementalist on Apr 1, 2022.
             Killed by divine providence
             ... invoked by an orc priest
              (14 damage)
             ... on level 5 of the Dungeon.
             The game lasted 00:02:33 (5581 turns).

kae the Firebug (Tengu Fire Elementalist)           Turns: 5581, Time: 00:02:34

Health: -9/35      AC:  6    Str:  9    XL:     6   Next: 34%
Magic:  6/11       EV: 13    Int: 17    God:
Gold:   48         SH:  0    Dex: 14    Spells: 5/11 levels left

rFire   . . .      SeeInvis .   l - +0 whip
rCold   . . .      Faith    .   (no shield)
rNeg    . . .      Spirit   .   o - +1 ring mail of the Equinox {Will+}
rPois   .          Reflect  .   (helmet restricted)
rElec   .          Harm     .   (no cloak)
rCorr   .          Rampage  .   (no gloves)
Will    +....                   (boots unavailable)
Stlth   +.........              (no amulet)
HPRegen 0.11/turn               (no ring)
MPRegen 0.12/turn               (no ring)

@: flying quickly and evasively, very slightly contaminated, quick
A: beak, talons 3, nimble flight
a: no special abilities


You were on level 5 of the Dungeon.
You visited 1 branch of the dungeon, and saw 5 of its levels.

You collected 178 gold pieces.
You spent 130 gold pieces at shops.

Inventory:

Hand Weapons
 l - a +0 whip (weapon)
Armour
 a - a +0 robe
 o - the +1 ring mail of the Equinox (worn) {Will+}
   (You found it on level 3 of the Dungeon)

   Will:      It increases your willpower.
Jewellery
 g - a ring of positive energy
 q - a ring of wizardry
Wands
 k - a wand of acid (13)
 p - a wand of iceblast (6)
Scrolls
 f - 4 scrolls of identify
 h - a scroll of enchant armour {unknown}
 i - 3 scrolls of noise {unknown}
 j - a scroll of fear {unknown}
 m - 3 scrolls of teleportation {unknown}
 r - a scroll of immolation {unknown}
 s - a scroll of amnesia {unknown}
 t - a scroll of brand weapon {unknown}
 v - a scroll of torment {unknown}
Potions
 b - a potion of magic
 c - a potion of attraction
 d - 2 potions of flight {unknown}
 e - a potion of degeneration
 n - a potion of might {unknown}


   Skills:
 + Level 1.8 Fighting
 + Level 2.1 Armour
 + Level 3.3 Dodging
 - Level 2.0 Stealth
 + Level 3.0 Spellcasting
 + Level 3.1 Conjurations
 * Level 5.0 Fire Magic


You had 5 spell levels left.
You knew the following spells:

 Your Spells              Type           Power      Damage    Failure   Level
a - Foxfire               Conj/Fire      64%        2x1d7     9%          1
b - Scorch                Fire           38%        2d6       9%          2
c - Conjure Flame         Conj/Fire      16%        6-21      26%         3

Your spell library contained the following spells:

 Spells                   Type           Power      Damage    Failure   Level
 Inner Flame              Hex/Fire       11%        N/A       45%         3
 Flame Wave               Conj/Fire      16%        2d6       65%         4
 Gell's Gravitas          Tloc           2%         N/A       80%         3
 Teleport Other           Tloc           2%         N/A       80%         3
 Leda's Liquefaction      Hex/Erth       1%         N/A       99%         4
 Lee's Rapid Deconstruct  Erth           1%         3d5*      100%        5
 Dispersal                Tloc           1%         N/A       100%        6
 Statue Form              Tmut/Erth      1%         N/A       100%        6


Dungeon Overview and Level Annotations

Branches:
Dungeon (5/15)
 Temple: D:4-7

Altars:
Uskayaw

Shops:
D:4 !


Innate Abilities, Weirdness & Mutations

You have a beak for a mouth.
You have claws for feet.
Your magical nature lets you fly swiftly and evasively.


Message History

You are too injured to fight recklessly!
You are too injured to fight recklessly!
You are too injured to fight recklessly!
You are too injured to fight recklessly!
Okay, then.
Aiming: Iceblast
Press: ? - help, Shift-Dir - straight line
Okay, then.
Aiming: Corrosive Bolt
Press: ? - help, Shift-Dir - straight line, f - orc priest
Aim: an orc priest, wielding a +0 club and wearing a +1 ring mail of poison resistance (75% to hit)
The bolt of acid hits the orc!
You kill the orc!
The bolt of acid hits the orc priest!
The acid corrodes the orc priest!
The orc priest is heavily wounded.
Casting: Foxfire (safe; 9% risk of failure)
Confirm with . or Enter, or press ? or * to list all spells.
You miscast Foxfire.
You are very lightly contaminated with residual magic.
Nothing appears to happen.
The orc priest invokes the aid of Beogh against you.
Beogh smites you!
* * * LOW HITPOINT WARNING * * *
Casting: Foxfire (safe; 9% risk of failure)
Confirm with . or Enter, or press ? or * to list all spells.
Flames lash the orc priest.
The orc priest is almost dead.
The orc priest's fire resistance burns away.
The orc hits you with a +0 club.
* * * LOW HITPOINT WARNING * * *
The orc hits you but does no damage.
Okay, then.
Casting: Scorch (safe; 9% risk of failure)
Confirm with . or Enter, or press ? or * to list all spells.
Flames lash the orc.
The orc is severely wounded.
The orc's fire resistance burns away.
The orc closely misses you.
The orc priest mumbles some strange prayers to Beogh against you.
Beogh smites you!
You die...

#########
#.......#
#.##.##.##
#.#......#
#.###..###
#@#......#
#.######o##.##.##
...>...)o#......#
##....)..#.####.#
#........#......#
.........##.##.##
/....###.#......#
..... ..###..###
.... ###......# #


You could see an orc priest (combustible, corroded) and an orc (combustible).

Vanquished Creatures
  A black bear (D:4)
  A gnoll shaman (D:3)
  5 gnolls (D:4)
  3 adders
  2 worms (D:3)
  3 dart slugs
  9 orcs
  12 endoplasms
  5 giant cockroaches
  3 hobgoblins
  10 ball pythons
  3 bats
  4 frilled lizards (D:1)
  10 goblins
  3 kobolds
  8 rats
82 creatures vanquished.

Vanquished Creatures (collateral kills)
  3 foxfires (D:1)
3 creatures vanquished.

Vanquished Creatures (others)
  335 foxfires
335 creatures vanquished.

Grand Total: 420 creatures vanquished

Notes
Turn   | Place    | Note
-------+----------+-------------------------------------------
     0 | D:1      | kae the Tengu Fire Elementalist began the quest for the
                  | Orb.
     0 | D:1      | Reached XP level 1. HP: 10/10 MP: 4/4
   238 | D:1      | Reached XP level 2. HP: 15/15 MP: 3/6
  1111 | D:1      | Found a faded altar of an unknown god.
  1220 | D:1      | Reached XP level 3. HP: 20/20 MP: 5/7
  1668 | D:2      | Learned a level 2 spell: Scorch
  1672 | D:2      | Learned a level 3 spell: Conjure Flame
  1997 | D:2      | Reached skill level 4 in Fire Magic
  2235 | D:2      | Reached skill level 1 in Armour
  2235 | D:2      | Reached XP level 4. HP: 24/24 MP: 2/8
  2737 | D:2      | Reached skill level 1 in Fighting
  3683 | D:3      | Found a hide-covered altar of Uskayaw.
  3684 | D:3      | Identified the +1 ring mail of the Equinox {Will+}
  4231 | D:4      | Gained mutation: Your magical nature lets you fly swiftly
                  | and evasively. [Tengu growth]
  4231 | D:4      | Reached XP level 5. HP: 29/29 MP: 6/9
  4371 | D:4      | Found Xuufeawk's Distillery.
  4415 | D:4      | Bought a potion of curing for 30 gold pieces
  4415 | D:4      | Bought a potion of heal wounds for 50 gold pieces
  4415 | D:4      | Bought a potion of berserk rage for 50 gold pieces
  5372 | D:5      | Entered Level 5 of the Dungeon
  5372 | D:5      | Noticed a water moccasin
  5372 | D:5      | Noticed an ice beast
  5372 | D:5      | Noticed a black bear
  5422 | D:4      | Killed a black bear
  5423 | D:4      | Reached skill level 5 in Fire Magic
  5423 | D:4      | Reached XP level 6. HP: 33/35 MP: 3/11
  5581 | D:5      | Killed from afar by an orc priest

Illustrated notes

Levels and vault maps discovered:
D:1:      denvon_arrival_planthouse, layout_basic,
          dreamdust_ecumenical_altar_angels_and_demons
D:2:      layout_basic
D:3:      layout_basic, lemuel_tele_altar
D:4:      layout_basic, serial_shops, nicolae_shop_advertising_works
          [nicolae_subvault_shop_adworks], minmay_curled_crystal,
          nicolae_elevator_lobby_asterisk
D:5:      layout_basic, jmf_multi_god_temple, minmay_misc_feat_alley

Skill      XL: |  1  2  3  4  5 |
---------------+----------------+-----
Conjurations   | 2 3 |  3.1
Fire Magic     | 4 5 |  5.0
Armour         | 1 2 |  2.1
Fighting       | 1 |  1.8
Dodging        | 3 |  3.3
Spellcasting   | 3 |  3.0
Stealth        | |  2.0

Action                   |  1- 3 |  4- 6 || total
-------------------------+-------+-------++-------
Melee: Unarmed           |     8 |       ||     8
       Peck              |     4 |     8 ||    12
       Kick              |     1 |    15 ||    16
       Punch             |     1 |     1 ||     2
       Whip              |       |    41 ||    41
 Cast: Foxfire           |    99 |    91 ||   190
       Scorch            |     3 |     7 ||    10
       Conjure Flame     |       |     2 ||     2
Evoke: Wand              |       |     1 ||     1
  Use: Scroll            |     3 |       ||     3
       Potion            |       |     3 ||     3
Armor: Robe              |     4 |       ||     4
       Ring mail         |       |    17 ||    17
Dodge: Dodged            |    12 |    28 ||    40

Table legend: (Time is in decaauts)
 A = Elapsed time spent in this place.
 B = Non-inter-level travel time spent in this place.
 C = Inter-level travel time spent in this place.
 D = Time resting spent in this place.
 E = Time spent auto-exploring this place.
 F = Levels seen in this place.
 G = Mean time per level.
                   A        B        C        D        E       F      G
               +--------+--------+--------+--------+--------+-----+--------+
         Total |   5527 |   5281 |    246 |    278 |   4245 |   5 | 1105.4 |
       Dungeon |   5527 |   5281 |    246 |    278 |   4245 |   5 | 1105.4 |
               +--------+--------+--------+--------+--------+-----+--------+

Top non-repeatable levels by time:
     D:1: 1531 daAuts
     D:3: 1462 daAuts
     D:2: 1435 daAuts
     D:4: 1062 daAuts
     D:5: 36 daAuts
